Description

An adaptive economic/timing attack build that offers moderate protection vs. all-ins while allowing you to deal serious damage with 2 oracle harass. Take a look at the notes as they guide you on what to do in certain matchups.

Build Order

Get SALT Encoding   

  12  00:00  Probe  
  13  00:12  Probe  
  14  00:19  Pylon  
  14  00:24  Probe  
  15  00:37  Gateway, Probe (Chrono Boost)  
  16  00:43  Assimilator  Fill when finished
  16  00:49  Probe (Chrono Boost)  
  17  00:55  Probe (Chrono Boost)  
  18  1:03  Probe (Chrono Boost)  
  19  1:14  Probe x2 (Chrono Boost)  
  20  1:25  Cybernetics Core  
  21  1:38  Nexus  
  21  1:45  Pylon  
  21  1:50  Assimilator  Fill when finished
  21  1:53  Probe  Continue building probes!
  22  2:02  Stalker  
  25  2:18  Stargate  
  26  2:23  Stalker  
  29  2:30  Warp Gate (Chrono Boost)  
  32  2:59  Oracle (Chrono Boost)  
  32  3:05  Gateway, Shield Battery  In the natural
  39  3:29  Oracle (Chrono Boost)  Build 3 if vs terran, else harras when finsihed
  44  3:40  Pylon  
  44  3:48  Pylon  
  48  4:04  Oracle (Chrono Boost)  If not vs terran build a stalker, sentry or adept
  51  4:11  Gateway, Stalker x2  Adapt according to the damage you did with your harras and scout with oracles
  58  4:17  Pylon  
  58  4:26  Nexus  
  58  4:36  Stalker x3  
Spawning Tool Build Advisor. Get it on Overwolf

Analysis

Versus terran build 3 oracles, vs other 2. Versus terran and zerg build adepts if you are comfortable using them, vs protos stalkers. Read notes as they provide helpful info on what to do with certain matchups. This economic build can easily become an all-in/timing attack if you see your opponent has poor defense and army with your oracle harass.

Go to:

Details

  • Created by: Kix21
  • Published on: Feb 10, 2023
  • Modified on: Feb 10, 2023
  • Patch: 5.0.11
  • Difficulty: Easy
Show
View Real Time Build Order
Export as new Build Order

Comments (0)

There are no comments. Be the first!

Create an account to comment!